 Dungeon Crawl Stone Soup version 0.31-a0-986-g5e6e4ef867 (webtiles) character file.

Game seed: 5437479640241269399

122 Persephone the Chopper (level 4, -10/37 (39) HPs)
             Began as a Minotaur Monk on Nov 10, 2023.
             Mangled by a wight
             ... wielding a +2 great sword of freezing
              (19 damage)
             ... in a sewer.
             The game lasted 00:01:58 (1522 turns).

Persephone the Chopper (Minotaur Monk)              Turns: 1522, Time: 00:01:59

HP:   -10/37 (39)   AC:  5    Str: 24    XL:     4   Next: 78%
MP:   3/3           EV: 12    Int:  7    God:
Gold: 115           SH:  0    Dex: 12    Spells: 3/3 levels left

rFire   . . .        a - +0 hand axe
rCold   . . .        d - orb {light}
rNeg    . . .        f - +0 ring mail
rPois   .            (helmet restricted)
rElec   .            (no cloak)
rCorr   .            (no gloves)
SInv    .            (no boots)
Will    .....        (no amulet) Stlth
                     k - +6 ring of strength
HPRegen 0.26/turn    (no ring)
MPRegen 0.08/turn

%: no passive effects
@: confused, ambrosia-drunk, glowing, drained
A: horns 2, retaliatory headbutt
a: no special abilities


You were in a sewer.
You visited 1 branch of the dungeon, and saw 3 of its levels.
You also visited: Sewer.

You collected 115 gold pieces.

Inventory:

Hand Weapons
 a - a +0 hand axe (weapon)
Armour
 b - a +0 robe
 d - an orb of light (worn)
 f - a +0 ring mail (worn)
Jewellery
 k - a +6 ring of strength (left hand)
Scrolls
 g - 2 scrolls of noise {unknown}
 h - 2 scrolls of identify {unknown}
 j - a scroll of poison {unknown}
Potions
 e - a potion of brilliance {unknown}
 i - a potion of attraction {unknown}


   Skills:
 - Level 3.6 Fighting
 + Level 6.7 Axes
 - Level 3.2 Dodging


You had 3 spell levels left.
You didn't know any spells.
Your spell library contained the following spells:

 Spells                   Type           Power      Damage    Failure   Level
 Freeze                   Ice            0%         1d3       58%         1
 Frozen Ramparts          Ice            0%         1d1       91%         3
 Hailstorm                Conj/Ice       0%         3d3       91%         3
 Ozocubu's Armour         Ice            0%         N/A       91%         3
 Tukima's Dance           Hex            0%         N/A       91%         3
 Dimensional Bullseye     Hex/Tloc       0%         N/A       100%        4
 Iskenderun's Mystic Bla  Conj/Tloc      0%         2d3       100%        4
 Ozocubu's Refrigeration  Ice            0%         4d7       100%        7


Dungeon Overview and Level Annotations

Branches:
Dungeon (3/15)              Sewer (1/1)

Altars:

Shops:
D:1 :


Innate Abilities, Weirdness & Mutations

You have a pair of horns on your head.
You reflexively headbutt those who attack you in melee.


Message History

You are too injured to fight recklessly!
You are confused.
You feel invigorated.
The kobold zombie hits you but does no damage.
The wight closely misses you.
A kobold zombie comes into view.
You bump into the stone wall.
The wight closely misses you.
You bump into the stone wall.
The wight barely misses you.
You closely miss the wight. Your headbutt misses the wight.
The wight hits you with a +2 great sword of freezing!
You feel drained. The wight freezes you!
* * * LOW HITPOINT WARNING * * *
You feel less invigorated.
You feel less confused.
The kobold throws a stone.
The stone closely misses you.
You hit the wight.
The wight is moderately damaged.
The wight hits you with a +2 great sword of freezing.
The wight freezes you.
A kobold comes into view. It is wielding a +0 whip.
The kobold throws a stone.
The stone closely misses you.
You are confused.
You feel invigorated.
The kobold shouts!
The wight hits you with a +2 great sword of freezing!
* * * LOW HITPOINT WARNING * * *
The wight freezes you.
* * * LOW HITPOINT WARNING * * *
You nearly stumble into some deep water!
The kobold hits you but does no damage.
The wight hits you with a +2 great sword of freezing.
* * * LOW HITPOINT WARNING * * *
The wight freezes you.
* * * LOW HITPOINT WARNING * * *
You barely miss the kobold. You headbutt the kobold.
You kill the kobold!
You hit the kobold but do no damage. You hit the wight but do no damage.
The wight hits you with a +2 great sword of freezing!!
Ouch! That really hurt!
You die...

#≈≈≈≈≈≈#)))≈~≈≈≈≈≈#
#≈≈≈≈≈≈#...#≈≈≈≈≈≈#
#≈≈≈#≈≈≈≈≈≈≈...#~≈≈≈≈≈#
#~~≈#≈≈≈≈≈~#...#≈≈~≈≈≈#
#≈≈≈#≈≈≈≈~...≈...~~≈≈~#
#~.≈#~..~..#≈≈≈#..~≈..#
#≈~~#......#~≈≈#......#
#≈≈~#'#######≈#######+#
#≈.~#...)..#@K.#......#
#≈≈~~≈~≈~≈≈.zZ..)~..~.#
#~~≈#≈≈≈≈≈≈#...#≈~≈≈≈≈#
#############Z#########
#.))# ...K... +.......+
+.⌠._.⌠.+ +.......+


You could see a wight, 2 kobold zombies and 2 kobolds.

Vanquished Creatures
  An orc priest (D:3)
  2 adders
  An ufetubus (Sewer)
  2 adder zombies (Sewer)
  A dart slug (D:1)
  4 orcs (D:3)
  5 endoplasms
  5 goblins
  4 hobgoblins
  6 jackals
  2 quokkas (D:2)
  4 ball pythons
  2 bats (D:2)
  A frilled lizard (D:3)
  14 kobolds
  3 rats
57 creatures vanquished.

Notes
Turn   | Place    | Note
-------+----------+-------------------------------------------
     0 | D:1      | Persephone the Minotaur Monk began the quest for the Orb.
     0 | D:1      | Reached XP level 1. HP: 19/19 MP: 0/0
     7 | D:1      | Noticed an iguana
     7 | D:1      | Noticed a tyrant leech
     7 | D:1      | Noticed an imperial myrmidon
     8 | D:1      | Noticed a centaur warrior
    38 | D:1      | Found Piddeac's Vocational Training.
   246 | D:1      | Reached skill level 4 in Axes
   300 | D:1      | Reached XP level 2. HP: 25/26 MP: 1/1
   840 | D:2      | Reached skill level 5 in Axes
   840 | D:2      | Reached XP level 3. HP: 27/31 MP: 2/2
   858 | D:2      | Identified the +3 leather armour "Irisk" {Rampage SInv}
  1254 | D:3      | Reached skill level 6 in Axes
  1254 | D:3      | Reached XP level 4. HP: 39/39 MP: 3/3
  1305 | D:3      | Found a glowing drain.
  1314 | Sewer    | Entered a sewer
  1506 | Sewer    | Found an ancient bone altar of Kikubaaqudgha.
  1522 | Sewer    | Mangled by a wight

Illustrated notes

Levels and vault maps discovered:
D:1:      onia_arrival_zoo_common, layout_loops_ring, serial_park_tiny_2,
          minmay_parallelograms, nicolae_shop_vocational
D:2:      layout_rooms
D:3:      layout_basic, serial_shops, nicolae_shop_rolled_up,
          portal_sewer_entry_b, uniq_robin, uniq_crazy_yiuf_cottage
Sewer:    kennysheep_sewer_church

Skill      XL: |  1  2  3 |
---------------+----------+-----
Axes           | 4 5 6 |  6.7
Fighting       | |  3.6
Dodging        | |  3.2

Action                     |  1- 3 |  4- 6 || total
---------------------------+-------+-------++-------
  Melee: Hand axe          |    66 |    40 ||   106
         Headbutt          |     8 |     8 ||    16
    Use: Potion            |       |     2 ||     2
 Armour: Ring mail         |    37 |    33 ||    70
         Robe              |     1 |       ||     1
  Dodge: Dodged            |    36 |    22 ||    58

Table legend: (Time is in decaauts)
 A = Elapsed time spent in this place.
 B = Non-inter-level travel time spent in this place.
 C = Inter-level travel time spent in this place.
 D = Time resting spent in this place.
 E = Time spent auto-exploring this place.
 F = Levels seen in this place.
 G = Mean time per level.
                   A        B        C        D        E       F      G
               +--------+--------+--------+--------+--------+-----+--------+
         Total |   1528 |   1456 |     72 |      0 |   1160 |   4 |  382.0 |
       Dungeon |   1319 |   1247 |     72 |      0 |   1013 |   3 |  439.7 |
         Sewer |    209 |    209 |      0 |      0 |    147 |   1 |  209.0 |
               +--------+--------+--------+--------+--------+-----+--------+

Top non-repeatable levels by time:
     D:1: 745 daAuts
     D:2: 464 daAuts
   Sewer: 209 daAuts
     D:3: 110 daAuts
